 Dungeon Crawl Stone Soup version 0.29.0-13-gc9e81de378 (webtiles) character file.

Game seed: 947292612443439237

133 sentinel the Digger (level 5, -8/38 HPs)
             Began as a Meteoran Earth Elementalist on Sept 10, 2022.
             Mangled by an iguana (11 damage)
             ... on level 5 of the Dungeon.
             The game lasted 00:01:49 (207 turns).

sentinel the Digger (Meteoran Earth Elementalist)    Turns: 207, Time: 00:01:50

Health: -8/38      AC:  3    Str: 10    XL:     5   Next: 68%
Magic:  0/11       EV: 12    Int: 18    God:
Gold:   0          SH:  0    Dex: 14    Spells: 5/11 levels left

rFire   . . .      SeeInvis .   c - +4 dagger (freeze)
rCold   . . .      Faith    .   (no shield)
rNeg    . . .      Spirit   .   d - +1 robe {Will+}
rPois   .          Reflect  .   (no helmet)
rElec   .          Harm     .   (no cloak)
rCorr   .          Rampage  .   (no gloves)
Will    +....                   (no boots)
Stlth   +.........              (no amulet)
HPRegen 0.12/turn               (no ring)
MPRegen 0.12/turn               (no ring)

@: very slightly contaminated, glowing
A: sense surroundings 1, otherworldly, glowing, explore regen
a: no special abilities


You were on level 5 of the Dungeon.
You visited 1 branch of the dungeon, and saw 5 of its levels.

Inventory:

Hand Weapons
 c - a +4 dagger of freezing (weapon)
Armour
 a - a +0 robe
 d - a +1 robe of willpower (worn)


   Skills:
 - Level 2.4 Dodging
 - Level 1.4 Stealth
 + Level 3.5 Spellcasting
 * Level 3.0 Conjurations
 - Level 1.2 Transmutations
 + Level 5.5 Earth Magic


You had 5 spell levels left.
You knew the following spells:

 Your Spells              Type           Power      Damage    Failure   Level
a - Sandblast             Erth           46%        2d11      1%          1
b - Stone Arrow           Conj/Erth      36%        3d9       9%          3
c - Passwall              Tmut/Erth      12%        N/A       6%          2

Your spell library contained the following spells:

 Spells                   Type           Power      Damage    Failure   Level
 Freeze                   Ice            12%        1d4       16%         1
 Petrify                  Tmut/Erth      15%        N/A       36%         4
 Frozen Ramparts          Ice            6%         1d1       43%         3
 Hailstorm                Conj/Ice       8%         3d4       63%         4


Dungeon Overview and Level Annotations

Branches:
Dungeon (5/15) Zot: 2771
 Temple: D:4-7

Altars:

Portals:
Sewer: D:3

Annotations:
D:4 1 transporter


Innate Abilities, Weirdness & Mutations

You passively map a small area around you.
You are easily found by Zot.
You glow in the dark.
You regain HP and MP as you explore.


Message History

Ijyb closely misses you. The goblin completely misses you.
Ijyb barely misses you. The goblin misses you.
Unknown command.
Casting: Sandblast (safe; 1% risk of failure)
Confirm with . or Enter, or press ? or * to list all spells.
Aiming: Sandblast (safe; 1% risk of failure)
Press: ? - help, Shift-Dir - straight line, f/p - Ijyb
Aim: Ijyb, wielding a +0 club and wearing a +0 ring mail (almost dead, 81% to hit)
Okay, then.
Press: ? - help, v - describe, . - travel
Here: Ijyb, wielding a +0 club and wearing a +0 ring mail (almost dead)
The floor.
Casting: Sandblast (safe; 1% risk of failure)
Confirm with . or Enter, or press ? or * to list all spells.
Aiming: Sandblast (safe; 1% risk of failure)
Press: ? - help, Shift-Dir - straight line, f/p - Ijyb
Aim: Ijyb, wielding a +0 club and wearing a +0 ring mail (almost dead, 81% to hit)
The blast of sand hits Ijyb.
Ijyb is almost dead.
Ijyb hits you but does no damage. The goblin misses you.
Casting: Sandblast (safe; 1% risk of failure)
Confirm with . or Enter, or press ? or * to list all spells.
Aiming: Sandblast (safe; 1% risk of failure)
Press: ? - help, Shift-Dir - straight line, f/p - Ijyb
Aim: Ijyb, wielding a +0 club and wearing a +0 ring mail (almost dead, 81% to hit)
The blast of sand hits Ijyb!
You kill Ijyb!
The goblin hits you with a +0 dagger.
* * * LOW HITPOINT WARNING * * *
The goblin closely misses you.
Your Spellcasting skill increases to level 3!
Your Conjurations skill increases to level 2!
Casting: Sandblast (safe; 1% risk of failure)
Confirm with . or Enter, or press ? or * to list all spells.
Aiming: Sandblast (safe; 1% risk of failure)
Press: ? - help, Shift-Dir - straight line, f - goblin
Aim: a goblin, wielding a +0 dagger (79% to hit)
The blast of sand hits the goblin!
You kill the goblin!
Press: ? - help, v - describe, . - travel, g - get item
Items here: a +0 club; a +0 ring mail.
The floor.
Unknown command.
Things that are here:
a +0 club; a +0 ring mail
Okay, then.
Unknown command.
You see here a +0 dagger.
Things that are here:
a +0 club; a goblin corpse A hobgoblin comes into view.
The hobgoblin shouts!
You are too injured to fight recklessly!
You are too injured to fight recklessly!
You are too injured to fight recklessly!
You are too injured to fight recklessly!
You are too injured to fight recklessly!
Casting: Sandblast (safe; 1% risk of failure)
Confirm with . or Enter, or press ? or * to list all spells.
Aiming: Sandblast (safe; 1% risk of failure)
Press: ? - help, Shift-Dir - straight line, f - hobgoblin
Aim: a hobgoblin (83% to hit)
The blast of sand hits the hobgoblin!
You kill the hobgoblin!
There is a stone staircase leading down here.
You climb downwards.
Magic restored.
Found 18 gold pieces.
Found a stone staircase leading down.
There is a stone staircase leading up here.
A goblin comes into view. It is wielding a +0 dagger.
Found a copper wand and 6 curare-tipped darts.
The goblin shouts!
The goblin unwields a +0 dagger.
The goblin wields a +0 sling.
The goblin shoots a sling bullet.
The sling bullet hits you.
Found 5 stones and 7 gold pieces.
Found a transporter.
The blast of sand hits the goblin!
You kill the goblin!
You can't see any susceptible monsters within range! (Use Z to cast anyway.)
You can't see any susceptible monsters within range! (Use Z to cast anyway.)
Found 9 gold pieces.
A kobold comes into view. It is wielding a +0 club.
A scorpion comes into view.
Found 4 stones.
The kobold shouts!
The blast of sand misses the kobold.
The kobold throws a stone.
The stone hits you but does no damage.
The kobold throws a stone.
The stone hits you.
The blast of sand hits the scorpion.
The scorpion is lightly wounded.
The blast of sand hits the scorpion!!
You kill the scorpion!
The kobold barely misses you.
Your Conjurations skill increases to level 3!
You have reached level 5!
The blast of sand hits the kobold!
You kill the kobold!
You can't see any susceptible monsters within range! (Use Z to cast anyway.) Unknown command.
You aren't carrying any scrolls.
There is a stone staircase leading down here.
You climb downwards.
Found 2 stones.
There is a stone staircase leading up here.
The blast of sand hits the iguana.
The iguana is lightly wounded.
The iguana hisses angrily.
Casting: Sandblast (safe; 1% risk of failure)
Confirm with . or Enter, or press ? or * to list all spells.
Aiming: Stone Arrow (dangerous; 9% risk of failure)
Press: ? - help, Shift-Dir - straight line, f/p - iguana
Aim: an iguana (lightly wounded, 72% to hit)
The stone arrow hits the iguana!
The iguana is almost dead.
Casting: Stone Arrow (dangerous; 9% risk of failure)
Confirm with . or Enter, or press ? or * to list all spells.
Aiming: Stone Arrow (dangerous; 9% risk of failure)
Press: ? - help, Shift-Dir - straight line, f/p - iguana
Aim: an iguana (almost dead, 72% to hit)
Okay, then.
The blast of sand hits the iguana but does no damage.
The iguana is almost dead.
The iguana closely misses you.
The blast of sand hits the iguana but does no damage.
The iguana is severely wounded.
The iguana barely misses you.
The blast of sand hits the iguana.
The iguana is almost dead.
The iguana bites you! The iguana misses you.
The blast of sand hits the iguana.
The iguana is almost dead.
The iguana bites you!
Casting: Sandblast (safe; 1% risk of failure)
Confirm with . or Enter, or press ? or * to list all spells.
Aiming: Stone Arrow (dangerous; 9% risk of failure)
Press: ? - help, Shift-Dir - straight line, f/p - iguana
Aim: an iguana (almost dead, 72% to hit)
You miscast Stone Arrow.
You are very lightly contaminated with residual magic.
Nothing appears to happen.
The iguana bites you!
* * * LOW HITPOINT WARNING * * *
HP warning!
You are too injured to fight recklessly!
Casting: Stone Arrow (dangerous; 9% risk of failure)
Confirm with . or Enter, or press ? or * to list all spells.
Aiming: Sandblast (safe; 1% risk of failure)
Press: ? - help, Shift-Dir - straight line, f/p - iguana
Aim: an iguana (almost dead, 85% to hit)
The blast of sand hits the iguana but does no damage.
The iguana is almost dead.
The iguana bites you!
You die...

* , **
,........... ,
, * .... .....
...(......, , ,
, * .....,...,,
,, , ,
......... .. *
......#.###....
,
......l........
,,> , , #@# *,
* * * ** ### *
, * * , , , * ,
* , * ,


You could see an iguana.

Vanquished Creatures
  A scorpion (D:4)
  Jessica (D:2)
  Ijyb (D:3)
  An adder (D:2)
  An orc (D:3)
  2 giant cockroaches (D:3)
  3 goblins
  2 hobgoblins (D:3)
  4 quokkas (D:3)
  A kobold (D:4)
17 creatures vanquished.

Notes
Turn   | Place    | Note
-------+----------+-------------------------------------------
     0 | D:1      | sentinel the Meteoran Earth Elementalist began the quest
                  | for the Orb.
     0 | D:1      | Reached XP level 1. HP: 14/14 MP: 5/5
    30 | D:2      | Noticed Jessica
    32 | D:2      | Killed Jessica
    33 | D:2      | Reached skill level 5 in Earth Magic
    33 | D:2      | Reached XP level 2. HP: 20/20 MP: 3/6
    33 | D:2      | Reached XP level 3. HP: 26/26 MP: 4/8
    36 | D:2      | Learned a level 2 spell: Passwall
    40 | D:2      | Learned a level 3 spell: Stone Arrow
    93 | D:3      | Found a glowing drain.
    98 | D:3      | Reached skill level 1 in Conjurations
   101 | D:3      | Reached XP level 4. HP: 33/33 MP: 1/9
   127 | D:3      | Noticed Ijyb
   153 | D:3      | Killed Ijyb
   167 | D:4      | Noticed a fire bat
   168 | D:4      | Found a transporter.
   174 | D:4      | Noticed a scorpion
   178 | D:4      | Killed a scorpion
   179 | D:4      | Reached XP level 5. HP: 36/38 MP: 6/11
   199 | D:5      | Entered Level 5 of the Dungeon
   207 | D:5      | Mangled by an iguana

Illustrated notes

Levels and vault maps discovered:
D:1:      mrwooster_arrival_statue_2, layout_loops_corners,
          minmay_three_crescents
D:2:      layout_rooms, uniq_jessica
D:3:      layout_rooms, overflow_temple_1_default, portal_sewer_entry_f,
          nicolae_ecumenical_snake_handling, nicolae_grassy_gnolls, uniq_ijyb
D:4:      gammafunk_cloud_chamber, layout_basic, kennysheep_mini,
          mainiacjoe_overflow_swirl, serial_park_tiny_2
D:5:      layout_basic, minmay_temple_entry_trees

Skill      XL: |  1  2  3  4 |
---------------+-------------+-----
Earth Magic    | 5 |  5.5
Conjurations   | 1 3 |  3.0
Spellcasting   | 3 |  3.5
Dodging        | |  2.4
Stealth        | |  1.4
Transmutations | |  1.2

Action                   |  1- 3 |  4- 6 || total
-------------------------+-------+-------++-------
Melee: Dagger            |       |     5 ||     5
 Cast: Sandblast         |    13 |    29 ||    42
       Stone Arrow       |       |     2 ||     2
  Use: Potion            |       |     1 ||     1
Armor: Robe              |     5 |     7 ||    12
Dodge: Dodged            |       |    18 ||    18
